 Dungeon Crawl Stone Soup version 0.24.1 (webtiles) character file.

Game seed: 12995915171525418059, levelgen mode: deterministic

60 Destapler the Insei (level 3, -6/29 HPs)
             Began as a Draconian Transmuter on Apr 3, 2020.
             Killed by nerve-wracking pain
             ... invoked by Grinder
              (13 damage)
             ... on level 3 of the Dungeon.
             The game lasted 00:06:05 (1636 turns).

Destapler the Insei (Draconian Transmuter)          Turns: 1636, Time: 00:06:07

Health: -6/29      AC: 11    Str: 12    XL:     3   Next: 82%
Magic:  0/6        EV: 12    Int: 13    God:
Gold:   50         SH:  0    Dex: 12    Spells: 3/6 levels left

rFire    . . .     SeeInvis .   k - +0 dagger
rCold    . . .     Gourm    .   (no shield)
rNeg     . . .     Faith    .   (armour unavailable)
rPois    .         Spirit   .   (helmet restricted)
rElec    .         Reflect  .   (no cloak)
rCorr    .         Harm     .   p - +2 pair of gloves
MR       .....                  o - +2 pair of boots
Stlth    +.........             (no amulet)
HPRegen  0.09/turn              (no ring)
MPRegen  0.10/turn              (no ring)

@: very slightly contaminated
A: unfitting armour, cold-blooded, AC +5
a: no special abilities


You were on level 3 of the Dungeon.
You were hungry.

You visited 1 branch of the dungeon, and saw 3 of its levels.

You collected 50 gold pieces.

Inventory:

Hand Weapons
 b - a +0 short sword
 k - a +0 dagger (weapon)
Missiles
 a - 33 arrows
 g - 8 boomerangs (quivered)
Armour
 o - a +2 pair of boots (worn)
 p - a +2 pair of gloves (worn)
Jewellery
 j - a +6 ring of intelligence
Wands
 s - a wand of disintegration (18)
Scrolls
 f - a scroll of identify {unknown}
 i - 2 scrolls of remove curse {unknown}
 l - a scroll of immolation {unknown}
 m - a scroll of enchant armour {unknown}
 n - a scroll of magic mapping {unknown}
 q - a scroll of teleportation {unknown}
 u - a scroll of amnesia {unknown}
Potions
 d - 2 potions of agility {unknown}
 e - a potion of ambrosia {unknown}
 h - a potion of resistance {unknown}
 r - a potion of might {unknown}
 t - a potion of degeneration {unknown}
 w - a potion of haste {unknown}
Comestibles
 c - 3 rations
 v - a chunk of flesh


   Skills:
 + Level 2.0 Fighting
 + Level 0.0 Short Blades
 + Level 0.1 Throwing
 + Level 2.3 Dodging
 + Level 0.2 Stealth
 - Level 3.3 Unarmed Combat
 + Level 2.4 Spellcasting
 + Level 2.4 Transmutations
 + Level 0.1 Evocations


You had 3 spell levels left.
You knew the following spells:

 Your Spells              Type           Power        Failure   Level  Hunger
a - Beastly Appendage     Tmut           #.....       9%          1    #......
b - Sticks to Snakes      Tmut           #.......     14%         2    ###....

Your spell library contained the following spells:

 Spells                   Type           Power        Failure   Level  Hunger
 Spider Form              Tmut/Pois      #.........   41%         3    ###....
 Ice Form                 Ice/Tmut       #.......     82%         4    #####..
 Blade Hands              Tmut           #.........   94%         5    ######.


Dungeon Overview and Level Annotations

Branches:
Dungeon (3/15)

Altars:

Annotations:
D:3 Grinder


Innate Abilities, Weirdness & Mutations

Your plain brown scales are hard. (AC +5)
You cannot fit into any form of body armour.
You are cold-blooded and may be slowed by cold attacks.


Message History

Grinder gestures at you. Pain shoots through your body!
You hit Grinder.
Grinder is lightly wounded.
Your adder bites Grinder but does no damage.
Grinder gestures at you. Pain shoots through your body!
* * * LOW HITPOINT WARNING * * *
Your adder bites Grinder.
You barely miss Grinder.
You tail-slap Grinder, but do no damage.
Grinder is lightly wounded.
Grinder misses you.
Your adder bites Grinder.
Casting: Sticks to Snakes (safe; 14% risk of failure)
Confirm with . or Enter, or press ? or * to list all spells.
You create a snake!
You now have 33 arrows.
Your adder bites Grinder.
Grinder says, "Mostly I couldn't keep them alive."
Grinder gestures at you. Pain shoots through your body!
You die...

.###########........#
.##.................#
....................#
..#........รท........#
..###+#####.........##
#.# #..........# #.#
##....S....# ..#
#####'###.# ###
#####@###.# .
#...5S..#.#
#.#######.# ...#####.#
#.. ..5......# ...
#..####### ..


You could see Grinder and 2 friendly adders.

Vanquished Creatures
  2 adders (D:2)
  A worm (D:3)
  A leopard gecko (D:1)
  4 giant cockroaches
  6 goblins
  5 hobgoblins
  7 kobolds
  A quokka (D:2)
  4 bats
  3 frilled lizards
  2 rats
36 creatures vanquished.

Notes
Turn   | Place    | Note
-------+----------+-------------------------------------------
     0 | D:1      | Destapler the Draconian Transmuter began the quest for the
                  | Orb.
     0 | D:1      | Reached XP level 1. HP: 16/16 MP: 3/3
   192 | D:1      | Reached XP level 2. HP: 23/23 MP: 5/5
   245 | D:1      | Learned a level 2 spell: Sticks to Snakes
   733 | D:2      | Reached XP level 3. HP: 21/29 MP: 6/6
  1587 | D:3      | Noticed Grinder
  1588 | D:3      | Paralysed by Grinder for 6 turns
  1636 | D:3      | Killed from afar by Grinder

Levels and vault maps discovered:
D:1:      shiori_arrival_maze, layout_basic
D:2:      layout_basic, first_ration
D:3:      layout_basic, gammafunk_ghost_mausoleum, uniq_grinder,
          uniq_crazy_yiuf_cottage

Skill      XL: |  1  2  3 |
---------------+----------+-----
Dodging        | 2 |  2.3
Fighting       | 2 |  2.0
Throwing       | |  0.1
Stealth        | |  0.2
Unarmed Combat | |  3.3
Spellcasting   | |  2.4
Transmutations | |  2.4
Evocations     | |  0.1

Action                   || total
-------------------------++-------
Melee: Short sword       ||    33
       Tailslap          ||    10
       Headbutt          ||     6
       Dagger            ||   107
       Kick              ||     6
 Cast: Beastly Appendage ||     8
       Sticks to Snakes  ||     4
  Eat: Chunk             ||     2
Armor: Skin              ||    31
Dodge: Dodged            ||    90
